 Dungeon Crawl Stone Soup version 0.21.1-1-g345015f (webtiles) character file.

15015 inc the Bewitcher (level 11, 0/50 HPs)
             Began as a Felid Enchanter on Feb 26, 2018.
             Was a High Priest of Dithmenos.
             Slain by a thorn hunter (26 damage)
             ... on level 1 of the Swamp.
             The game lasted 00:50:06 (17298 turns).

inc the Bewitcher (Felid Enchanter)                Turns: 17298, Time: 00:50:06

Health: 0/50       AC:  3    Str:  4    XL:     11   Next: 96%
Magic:  6/20       EV: 23    Int: 20    God:    Dithmenos [*****.]
Gold:   1191       SH:  0    Dex: 18    Spells: 7/21 levels left
                                        Lives:  0   Deaths: 3

rFire    . . .     SeeInvis +     - Unarmed
rCold    + . .     Gourm    .   (shield unavailable)
rNeg     . . .     Faith    .   (armour unavailable)
rPois    +         Spirit   .   (helmet unavailable)
rElec    .         Reflect  .   (cloak unavailable)
rCorr    .         Harm     .   (gloves unavailable)
MR       +....                  (boots unavailable)
Stlth    ++++++++++             o - amulet of regeneration
HPRegen  0.56/turn              l - ring of poison resistance
MPRegen  0.17/turn              T - ring of stealth

@: confusing touch, wreathed by umbra, quick
A: very small, no armour, no weapons or thrown items, stealth, claws 1, fangs 3,
see invisible, carnivore, speed 1, shaggy fur 3, slow metabolism 1, sharp paws
a: Shadow Step, Shadow Form, Renounce Religion


You were on level 1 of the Swamp.
You worshipped Dithmenos.
Dithmenos was extremely pleased with you.
You were full.

You visited 4 branches of the dungeon, and saw 19 of its levels.
You also visited: Labyrinth.

You collected 1191 gold pieces.

Inventory:

Jewellery
 g - an uncursed ring of wizardry
 i - a +3 ring of intelligence
 k - an uncursed ring of see invisible
 l - a ring of poison resistance (left paw)
 o - an amulet of regeneration (around neck)
 B - an uncursed ring of teleportation
 F - an uncursed amulet of guardian spirit
 H - an uncursed ring of protection from magic
 I - an uncursed ring of protection from cold
 J - an uncursed ring of flight
 O - an uncursed ring of ice
 T - a ring of stealth (right paw)
Wands
 n - a wand of clouds (3)
 t - a wand of digging (16)
 y - a wand of acid (7)
 C - a wand of polymorph (28)
 D - a wand of disintegration (11)
 L - a wand of enslavement (4)
Scrolls
 d - 3 scrolls of remove curse
 f - 3 scrolls of teleportation
 h - a scroll of blinking
 j - 4 scrolls of fear {unknown}
 p - 3 scrolls of immolation {unknown}
 q - 5 scrolls of enchant weapon
 s - 2 scrolls of amnesia
 u - 3 scrolls of enchant armour
 N - a scroll of acquirement {unknown}
 P - a scroll of noise {unknown}
 S - a scroll of holy word {unknown}
Potions
 c - 3 potions of flight
 e - a potion of magic {unknown}
 m - 2 potions of heal wounds
 r - 4 potions of degeneration
 w - 8 potions of cancellation
 x - a potion of ambrosia
 z - a potion of lignification
 A - 3 potions of haste
 E - 5 potions of curing
 Q - a potion of mutation {unknown}
 R - 2 potions of brilliance {unknown}
 U - a potion of might {unknown}
Books
 a - a book of Maledictions

   Spells                             Type                      Level
   a - Corona                         Hexes                        1
   b - Ensorcelled Hibernation        Hexes/Ice                    2
   c - Confuse                        Hexes                        3
   d - Tukima's Dance                 Hexes                        3
   e - Dazzling Spray                 Conjuration/Hexes            3
 v - a book of Misfortune

   Spells                             Type                      Level
   a - Confusing Touch                Hexes                        1
   b - Confuse                        Hexes                        3
   c - Gell's Gravitas                Translocation                3
   d - Petrify                        Transmutation/Earth          4
   e - Metabolic Englaciation         Hexes/Ice                    5
   f - Yara's Violent Unravelling     Hexes/Transmutation          5
 G - the Papyrus of Cankerous Sinister Rituals
   (You found it in a labyrinth)

   Spells                             Type                      Level
   a - Animate Skeleton               Necromancy                   1
   b - Ignite Poison                  Fire/Transmutation/Poison    3
   c - Bolt of Draining               Conjuration/Necromancy       5
   d - Dispel Undead                  Necromancy                   5
   e - Death Channel                  Necromancy                   6
 K - a book of Geomancy

   Spells                             Type                      Level
   a - Sandblast                      Earth                        1
   b - Passwall                       Transmutation/Earth          2
   c - Stone Arrow                    Conjuration/Earth            3
   d - Petrify                        Transmutation/Earth          4
   e - Lee's Rapid Deconstruction     Earth                        5
Comestibles
 b - 35 rations


   Skills:
 - Level 7.3 Fighting
 - Level 7.4 Dodging
 - Level 13.0 Stealth
 - Level 10.1 Unarmed Combat
 - Level 5.6 Spellcasting
 + Level 15.1 Hexes
 + Level 9.9 Ice Magic
 - Level 3.1 Earth Magic


You had 7 spell levels left.
You knew the following spells:

 Your Spells              Type           Power        Failure   Level  Hunger
a - Corona                Hex            ######.      1%          1    None
b - Ensorcelled Hibernat  Hex/Ice        ######       1%          2    None
c - Confuse               Hex            ######..     1%          3    ##.....
d - Confusing Touch       Hex            ######       1%          1    None
e - Passwall              Tmut/Erth      ##........   9%          2    None
f - Metabolic Englaciati  Hex/Ice        ######....   1%          5    #####..


Dungeon Overview and Level Annotations

Branches:
Dungeon (10/15)            Temple (1/1) D:6            Lair (5/6) D:8
  Swamp (3/4) Lair:4        Snake (0/4) Lair:2
  Slime: Lair:5-6       Orc: D:9-12

Altars:
Ashenzari
Cheibriados
Dithmenos
Elyvilon
Fedhas
Gozag
Hepliaklqana
Kikubaaqudgha
Makhleb
Nemelex Xobeh
Okawaru
Qazlal
Ru
Sif Muna
Trog
Uskayaw
Vehumet
Wu Jian
Xom
Yredelemnul
Zin
The Shining One

Shops:
D:7 *[[

Annotations:
D:5 Blork the orc, Edmund
D:7 shakethe's ghost, novice HOFi
D:9 PeterLawrence's ghost, novice MiFi
Lair:5 Kirke
Swamp:1 exclusion: Roxanne, Roxanne


Innate Abilities, Weirdness & Mutations

You cannot wear armour.
You are incapable of wielding weapons or throwing items.
Your paws allow you to move quietly. (Stealth)
You have sharp claws.
You have razor-sharp teeth.
You have supernaturally acute eyesight. (SInv)
You are carnivorous and can eat meat at any time.
You cover ground quickly.
Your thick and shaggy fur keeps you warm. (AC +3, rC+)
You have a slow metabolism.
Your sharp claws are effective at attacking unaware monsters.


Message History

Your paws begin to glow red.
The thorn hunter fires a volley of thorns at you.
The volley of thorns misses you. The thorn hunter completely misses you.
The thorn hunter hits you.
Found a plate armour.
You scratch the thorn hunter but do no damage.
The thorn hunter completely misses you. x2
You barely miss the thorn hunter.
Your shadow barely misses the thorn hunter.
The thorn hunter is no longer moving slowly.
You scratch the thorn hunter but do no damage.
Your shadow hits the thorn hunter but does no damage.
The thorn hunter hits you!!
You emit a cloud of dark smoke.
The thorn hunter completely misses you.
You scratch the thorn hunter but do no damage.
You claw the thorn hunter, but do no damage.
Your shadow barely misses the thorn hunter.
The thorn hunter hits you!!
Ouch! That really hurt!
You die...

......≈ #.. ....≈≈.≈
.. ....≈≈≈♣ ..
...≈≈.♣♣♣♣ ♣♣ #..##!
♣.......♣♣ ≈≈≈. #.. ..
♣ ♣≈.≈≈..≈.♣..≈(..#..
. ♣♣.
♣.≈≈§§≈≈≈.≈≈...##.##+
≈.♣ ♣.§@f§.♣≈≈
.......§§
♣≈♣♣..§§§≈...♣
≈?...§§§ ♣....§.§.≈≈≈.
k.♣♣§§§§
♣♣.........≈≈≈ ♣≈§≈.
≈♣♣♣♣♣ ♣......≈♣..≈≈≈
♣♣≈.≈.
♣≈.≈..♣♣♣§≈♣♣♣≈♣≈....≈
♣..... ......≈♣...♣
♣♣♣.≈.♣♣♣ ♣♣♣.≈≈≈.
≈≈≈≈≈.PP≈≈≈♣ [≈≈♣
♣♣.♣≈≈≈.. ≈≈≈≈≈≈PP≈≈.♣
≈.♣ ♣♣≈..≈≈≈≈.


You could see a thorn hunter.

Vanquished Creatures
  A minotaur (Lab)
  4 hydras (Lair:4)
  Fannar (Lair:2)
  An alligator (Swamp:3)
  A two-headed ogre (D:8)
  Sonja (Lair:2)
  Nergalle (Lair:1)
  2 swamp dragons
  A spriggan druid (Swamp:2)
  An oklob plant (Lair:1)
  A black mamba (Lair:1)
  7 elephants
  14 spiny frogs
  A rime drake (Lair:2)
  4 komodo dragons
  A troll (D:9)
  2 tyrant leeches
  14 blink frogs
  4 hippogriffs
  A bog body (Swamp:2)
  A wyvern (Lair:4)
  A shadow (Swamp:2)
  2 basilisks
  21 yaks
  A hog (Lair:5)
  4 insubstantial wisps (Swamp:1)
  A naga (Lair:2)
  7 swamp worms
  10 porcupines
  6 water moccasins
  A swamp drake (Swamp:2)
  3 orc warriors
  An ice beast (D:5)
  3 black bears
  A phantom (D:4)
  4 ogres
  A necrophage (D:7)
  11 wolves
  2 centaurs (D:8)
  8 crocodiles
  A big kobold (D:9)
  13 bullfrogs
  4 scorpions
  13 wights
  6 electric eels
  4 crimson imps
  A centaur zombie (D:7)
  3 bullfrog skeletons
  2 jellies
  A bullfrog zombie (D:5)
  5 hounds
  A centaur skeleton (D:9)
  3 orc priests
  5 orc wizards
  Terence (D:3)
  3 iguanas
  2 hell rats (Lair:2)
  4 worker ants
  2 hound skeletons
  A howler monkey zombie (D:8)
  A worker ant zombie (D:8)
  13 adders
  5 river rats (Lair:2)
  A shadow imp (D:9)
  2 oozes
  An adder skeleton (D:4)
  2 adder zombies
  2 worms
  2 dart slugs
  4 leopard geckos
  18 orcs
  6 bats
  A giant cockroach (D:1)
  12 goblins
  6 hobgoblins
  5 jackals
  A ball python (D:1)
  7 frilled lizards
  10 kobolds
  A quokka skeleton (D:9)
  4 rats
  A plant (Lair:1)
332 creatures vanquished.

Vanquished Creatures (others)
  16 fungi
  11 plants
27 creatures vanquished.

Grand Total: 359 creatures vanquished

Notes
Turn   | Place    | Note
-------+----------+-------------------------------------------
     0 | D:1      | inc the Felid Enchanter began the quest for the Orb.
     0 | D:1      | Reached XP level 1. HP: 7/7 MP: 4/4
    66 | D:1      | Reached XP level 2. HP: 11/11 MP: 4/6
   674 | D:1      | Learned a level 2 spell: Ensorcelled Hibernation
   930 | D:1      | Reached XP level 3. HP: 14/14 MP: 7/7
  1127 | D:2      | Learned a level 3 spell: Confuse
  1169 | D:2      | Found a hide-covered altar of Uskayaw.
  1858 | D:2      | Reached skill level 1 in Ice Magic
  2009 | D:2      | Reached skill level 5 in Hexes
  2040 | D:2      | Reached XP level 4. HP: 18/18 MP: 3/8
  2177 | D:3      | Noticed Terence
  2454 | D:3      | Killed Terence
  2825 | D:4      | Found a bloodstained altar of Trog.
  2877 | D:4      | Noticed a phantom
  2898 | D:5      | Entered Level 5 of the Dungeon
  2986 | D:5      | Reached skill level 6 in Hexes
  2986 | D:5      | Reached XP level 5. HP: 14/21 MP: 1/9
  3749 | D:5      | Noticed an ogre
  3785 | D:5      | Killed an ogre
  3785 | D:5      | Reached skill level 5 in Stealth
  3785 | D:5      | Gained mutation: You are covered in thick fur. (AC +2) [Felid growth]
  3785 | D:5      | Reached XP level 6. HP: 24/24 MP: 1/10
  4321 | D:5      | Learned a level 1 spell: Confusing Touch
  4325 | D:5      | Reached XP level 7. HP: 27/27 MP: 11/11
  4406 | D:5      | Noticed Blork the orc
  4406 | D:5      | Noticed Edmund
  4684 | D:4      | Found a shadowy altar of Dithmenos.
  4693 | D:4      | Became a worshipper of Dithmenos the Shadowed
  4696 | D:4      | Reached skill level 10 in Stealth
  5320 | D:4      | Reached skill level 1 in Fighting
  5544 | D:4      | Reached XP level 8. HP: 21/34 MP: 7/12
  5916 | D:6      | Found a staircase to the Ecumenical Temple.
  5927 | Temple   | Entered the Ecumenical Temple
  6436 | D:6      | Reached skill level 5 in Fighting
  6938 | D:6      | Reached * piety under Dithmenos
  7159 | D:7      | Found Ines's Antique Armour Boutique.
  7172 | D:7      | Noticed a hippogriff
  7180 | D:7      | Reached XP level 9. HP: 35/43 MP: 6/13
  7447 | D:7      | Noticed shakethe's ghost (novice HOFi)
  7614 | D:7      | Reached skill level 5 in Unarmed Combat
  7667 | D:7      | Found Wocyrry's Armour Shop.
  7714 | D:7      | Found Gyjumu Ygha's Assorted Antiques.
  8656 | D:8      | Reached ** piety under Dithmenos
  8672 | D:8      | Found a staircase to the Lair.
  9054 | D:9      | Noticed a troll
  9058 | D:9      | Killed a troll
  9058 | D:9      | Reached skill level 7 in Hexes
  9227 | D:9      | Noticed PeterLawrence's ghost (novice MiFi)
  9350 | D:9      | Reached skill level 8 in Hexes
  9414 | D:9      | Reached XP level 10. HP: 47/47 MP: 11/14
  9611 | D:10     | Entered Level 10 of the Dungeon
  9628 | D:9      | Found an ornate altar of the Wu Jian Council.
 10292 | D:8      | Reached skill level 9 in Hexes
 10316 | D:8      | Noticed a two-headed ogre
 10321 | D:8      | Killed a two-headed ogre
 10321 | D:8      | Reached skill level 5 in Ice Magic
 10366 | D:8      | Reached skill level 10 in Hexes
 10771 | Lair:1   | Entered Level 1 of the Lair of Beasts
 10825 | Lair:1   | Noticed a black mamba
 10846 | Lair:1   | Noticed Nergalle
 10868 | Lair:1   | Killed Nergalle
 11019 | Lair:1   | Killed a black mamba
 11046 | Lair:1   | Found a labyrinth entrance.
 11055 | Lab      | Entered a labyrinth
 11261 | Lab      | Noticed a minotaur
 11298 | Lab      | Killed a minotaur
 11298 | Lab      | Reached *** piety under Dithmenos
 11323 | Lab      | Identified the Papyrus of Cankerous Sinister Rituals
 11338 | Lair:1   | Learned a level 2 spell: Passwall
 11463 | Lair:1   | Reached skill level 1 in Earth Magic
 11463 | Lair:1   | Reached XP level 11. HP: 50/50 MP: 15/15
 11800 | Lair:1   | Noticed an oklob plant
 11939 | Lair:1   | Killed an oklob plant
 12009 | Lair:2   | Noticed Fannar
 12088 | Lair:2   | Noticed Sonja
 12683 | Lair:2   | Killed Sonja
 12736 | Lair:2   | Mangled by an elephant
 12737 | Lair:2   | Reached XP level 10. HP: -6/47 MP: 17/17
 12761 | Lair:2   | Reached skill level 5 in Spellcasting
 12905 | Lair:2   | Noticed a spiny frog
 12912 | Lair:2   | Killed a spiny frog
 12971 | Lair:2   | Reached skill level 11 in Hexes
 13149 | Lair:2   | Slain by a blink frog
 13150 | Lair:2   | Reached XP level 9. HP: -2/43 MP: 5/18
 13150 | Lair:2   | Noticed a spiny frog
 13153 | Lair:2   | Killed a spiny frog
 13153 | Lair:2   | Reached XP level 10. HP: 47/47 MP: 14/19
 13391 | Lair:2   | Killed Fannar
 13401 | Lair:2   | Killed an elephant
 13654 | Lair:2   | Noticed a spiny frog
 13664 | Lair:2   | Killed a spiny frog
 13749 | Lair:2   | Reached **** piety under Dithmenos
 13802 | Lair:2   | Found a staircase to the Snake Pit.
 14052 | Lair:3   | Noticed a spiny frog
 14060 | Lair:3   | Killed a spiny frog
 14094 | Lair:3   | Reached XP level 11. HP: 50/50 MP: 14/20
 14472 | Lair:3   | Reached skill level 10 in Unarmed Combat
 14582 | Lair:3   | Learned a level 5 spell: Metabolic Englaciation
 14774 | Lair:3   | Reached skill level 12 in Hexes
 15209 | Lair:4   | Noticed a five-headed hydra
 15212 | Lair:4   | Killed a five-headed hydra
 15264 | Lair:4   | Noticed an eight-headed hydra
 15268 | Lair:4   | Noticed a four-headed hydra
 15271 | Lair:4   | Killed an eight-headed hydra
 15277 | Lair:4   | Killed a four-headed hydra
 15382 | Lair:4   | Reached skill level 13 in Hexes
 15672 | Lair:3   | Gained mutation: Your thick and shaggy fur keeps you warm. (AC +3, rC+) [Felid growth]
 15672 | Lair:3   | Reached XP level 12. HP: 54/54 MP: 1/21
 16041 | Lair:4   | Reached ***** piety under Dithmenos
 16147 | Lair:4   | Found a staircase to the Swamp.
 16365 | Lair:5   | Noticed an eight-headed hydra
 16370 | Lair:5   | Reached skill level 14 in Hexes
 16420 | Lair:4   | Killed an eight-headed hydra
 16614 | Lair:5   | Noticed Kirke
 16630 | Lair:5   | Noticed a sphinx
 16663 | Lair:5   | Slain by a harpy
 16664 | Lair:5   | Reached XP level 11. HP: -5/50 MP: 10/20
 16745 | Swamp:1  | Entered Level 1 of the Swamp
 16779 | Swamp:1  | Noticed Roxanne
 16844 | Swamp:1  | Noticed a swamp dragon
 16850 | Swamp:1  | Killed a swamp dragon
 16874 | Swamp:1  | Noticed a thorn hunter
 16896 | Swamp:2  | Noticed a spriggan druid
 16995 | Swamp:2  | Killed a spriggan druid
 17008 | Swamp:2  | Noticed a swamp dragon
 17016 | Swamp:2  | Killed a swamp dragon
 17216 | Swamp:2  | Noticed a spriggan rider
 17218 | Swamp:3  | Noticed a thorn hunter
 17218 | Swamp:3  | Noticed an alligator
 17221 | Swamp:3  | Killed an alligator
 17221 | Swamp:3  | Reached skill level 15 in Hexes
 17242 | Swamp:1  | Noticed a swamp dragon
 17298 | Swamp:1  | Slain by a thorn hunter

Skill      XL: |  1  2  3  4  5  6  7  8  9 10 11 12 |
---------------+-------------------------------------+-----
Unarmed Combat | 2 3 4 5 8 10 | 10.1
Ice Magic      | 1 2 4 6 8 9 |  9.9
Hexes          | 5 6 8 11 15 14 | 15.1
Stealth        | 5 7 10 13 | 13.0
Fighting       | 2 7 |  7.3
Dodging        | 7 |  7.4
Earth Magic    | 1 3 |  3.1
Spellcasting   | 5 4 |  5.6

Action                   |  1- 3 |  4- 6 |  7- 9 | 10-12 || total
-------------------------+-------+-------+-------+-------++-------
Melee: Unarmed           |    83 |    48 |   274 |   336 ||   741
       Bite              |     4 |     1 |    28 |    19 ||    52
       Punch             |     2 |       |     4 |     9 ||    15
 Cast: Corona            |    14 |     1 |       |       ||    15
       Ensorcelled Hiber |    16 |    22 |    70 |   208 ||   316
       Confuse           |     1 |     9 |    23 |    13 ||    46
       Confusing Touch   |       |       |    23 |    20 ||    43
       Metabolic Englaci |       |       |       |     7 ||     7
       Passwall          |       |       |       |     1 ||     1
  Use: Scroll            |       |     3 |    11 |     4 ||    18
       Potion            |       |       |       |     3 ||     3
 Stab: Sleeping          |    30 |    22 |    63 |   159 ||   274
       Confused          |       |     4 |    28 |    21 ||    53
       Distracted        |       |       |     1 |     1 ||     2
  Eat: Chunk             |     3 |     4 |    19 |    30 ||    56
       Ration            |       |     1 |       |       ||     1
Armor: Skin              |     1 |     2 |    12 |     7 ||    22
Dodge: Dodged            |    55 |    26 |   154 |   323 ||   558
